Map: 드림캐처 - 래더

Players

LiquidSnute (Snute)

  • Race: Zerg Zerg
  • League: Grandmaster
  • Spawn Location: 11:00

Patience - Winner!

  • Race: Protoss Protoss
  • Spawn Location: 5:00

Event: HomeStory Cup XVII

VOD

Have the link to the VOD?

Description

Time

  • Played on: June 29, 2018, 4:39 p.m.
  • Length: 17:28

All games in this series

Show
View Real Time Build Order
Export as new Build Order

LiquidSnute Zerg 

Build Orders: Hatch First, Lurkers 

Get SALT Encoding   

  12  0:00  Drone  
  13  0:12  Overlord  
  13  0:16  Drone  
  14  0:30  Drone x2  
  16  0:47  Hatchery  
  15  0:50  Drone  
  15  0:54  Drone  
  17  0:57  Drone  
  18  1:05  Extractor  
  17  1:13  Spawning Pool  
  17  1:16  Drone  
  17  1:20  Drone  
  18  1:28  Drone  
  19  1:38  Overlord  
  19  1:49  Drone  
  20  1:59  Queen  
  20  2:00  Queen  
  25  2:01  Drone x2  
  25  2:06  Metabolic Boost  
  26  2:11  Drone  
  26  2:13  Zergling x2  
  28  2:20  Zergling x2  
  28  2:22  Zergling x2  
  30  2:31  Drone  
  30  2:32  Drone  
  32  2:44  Overlord  
  32  2:45  Drone  
  33  2:51  Hatchery  
  33  2:53  Drone  
  33  2:54  Drone  
  33  2:56  Queen  
  36  3:06  Zergling x2  
  36  3:08  Drone x4  
  41  3:13  Queen  
  41  3:16  Overlord  
  41  3:18  Drone  
  44  3:26  Spore Crawler  
  43  3:27  Spore Crawler  
  43  3:28  Drone  
  43  3:29  Drone  
  44  3:37  Drone  
  44  3:41  Overlord, Drone  
  45  3:42  Drone x3  
  45  3:44  Drone  
  50  3:50  Overlord  
  50  3:58  Overlord  
  48  4:03  Drone  
  48  4:04  Drone x3  
  48  4:09  Drone  
  53  4:10  Drone x2  
  53  4:12  Drone  
  53  4:15  Drone  
  57  4:19  Drone x2  
  57  4:21  Drone  
  60  4:27  Spore Crawler  
  60  4:28  Overlord  
  60  4:29  Drone  
  60  4:31  Drone  
  60  4:36  Drone x2, Extractor  
  60  4:37  Drone  
  63  4:42  Lair  
  63  4:43  Drone  
  64  4:46  Drone  
  64  4:47  Drone  
  64  4:50  Drone x2  
  68  4:55  Drone x2  
  68  4:56  Drone x2  
  68  4:57  Drone  
  68  4:58  Drone  
  75  5:07  Zergling x2  
  75  5:10  Overlord  
  75  5:11  Drone x3  
  75  5:13  Drone x2  
  75  5:14  Drone x2  
  81  5:16  Extractor x2  
  81  5:19  Drone x2, Extractor  
  81  5:20  Extractor  
  79  5:24  Drone  
  80  5:29  Evolution Chamber  
  80  5:31  Zergling x8  
  80  5:34  Baneling Nest, Zergling x2  
  83  5:41  Hydralisk Den  
  81  5:48  Queen x2  
  85  5:51  Zergling x10  
  85  5:56  Zerg Missile Weapons Level 1  
  90  6:02  Overlord x2  
  89  6:11  Overlord  
  88  6:12  Grooved Spines  
  88  6:14  Lurker Den  
  88  6:16  Hydralisk  
  89  6:23  Hydralisk x6  
  89  6:24  Hydralisk x2  
  105  6:29  Drone x3  
  105  6:30  Drone  
  105  6:32  Overseer  
  109  6:34  Hydralisk  
  109  6:39  Hydralisk  
  113  6:41  Overlord  
  113  6:47  Hatchery  
  113  6:49  Overlord  
  113  6:51  Overlord  
  113  6:53  Overlord  
  112  6:58  Drone x2  
  112  6:59  Hydralisk  
  112  7:00  Hydralisk x3  
  122  7:03  Overlord  
  122  7:08  Hydralisk x4  
  122  7:15  Hydralisk x3  
  135  7:25  Muscular Augments  
  132  7:33  Overlord  
  132  7:34  Drone x3  
  135  7:39  Overlord x2  
  135  7:43  Lurker x5  
  140  7:45  Zergling x20  
  140  7:48  Extractor  
  149  7:53  Lurker x2  
  151  8:09  Lurker x2  
  144  8:20  Lurker x2  
  144  8:26  Hydralisk x3  
  148  8:31  Zergling x24  
  159  8:36  Lurker  
  159  8:40  Zergling x2  
  159  8:41  Zergling x20  
  166  8:47  Hydralisk x3  
  166  8:56  Hydralisk  
  166  8:57  Hydralisk x2  
  172  9:04  Lurker  
  172  9:05  Lurker  
  172  9:06  Zergling x18  
  183  9:16  Lurker x2  
  181  9:18  Zergling x6  
  175  9:24  Lurker  
  175  9:28  Zergling x10  
  170  9:32  Zergling x6  
  158  9:39  Hydralisk x4  
  158  9:48  Queen, Zergling x6  
  158  9:51  Hydralisk  
  144  9:56  Hydralisk x2  
  144  9:59  Hydralisk x5  
  124  10:08  Hydralisk x2  
  124  10:09  Hydralisk  
  130  10:16  Zergling x4  
  132  10:26  Lurker x2  
  132  10:27  Drone x3  
  137  10:30  Zergling x2  
  137  10:31  Zergling x4  
  137  10:34  Zergling x2  
  141  10:38  Zergling x2  
  142  10:46  Zergling x2  
  142  10:47  Zergling x4  
  140  10:57  Hydralisk x7  
  140  11:03  Zergling x4  
  156  11:11  Lurker x4  
  160  11:13  Zergling x4  
  160  11:14  Zergling x4  
  164  11:18  Zergling x2  
  164  11:19  Zergling x2  
  166  11:26  Hydralisk x5  
  166  11:28  Hatchery  
  167  11:42  Hydralisk x6  
  169  11:50  Hydralisk x3  
  164  11:57  Zergling x2  
  164  11:58  Zergling x10  
  170  12:06  Lurker x4  
  174  12:09  Zergling x2  
  174  12:10  Zergling x2  
  174  12:11  Overlord x2  
  174  12:15  Extractor  
  154  12:25  Hydralisk  
  154  12:26  Hydralisk x5  
  149  12:32  Drone x2  
  143  12:37  Hydralisk  
  143  12:38  Hydralisk x2  
  143  12:41  Lurker x2  
  143  12:42  Lurker  
  152  12:50  Lurker  
  153  12:52  Zergling x10  
  154  13:11  Hydralisk x7  
  168  13:15  Overseer  
  166  13:21  Zergling x12  
  172  13:31  Hydralisk x6  
  184  13:35  Overlord  
  184  13:38  Overlord  
  184  13:42  Pneumatized Carapace  
  182  13:54  Lurker x3  
  182  13:55  Lurker x4  
  189  14:11  Zergling x22  
  198  14:24  Hydralisk x2  
  194  14:32  Zergling x18  
  194  14:33  Zergling x4  
  194  14:36  Hydralisk x2  
  154  14:45  Hydralisk  
  154  14:46  Hydralisk x6  
  154  14:49  Zergling x4  
  154  14:50  Zergling x2  
  164  14:59  Hydralisk x3  
  151  15:08  Lurker x4  
  151  15:12  Lurker  
  151  15:13  Lurker x2  
  157  15:15  Lurker  
  156  15:22  Lurker x3  
  153  15:36  Hydralisk x5  
  163  15:43  Lurker x2  
  156  15:57  Hydralisk  
  156  15:58  Hydralisk x5  
  165  16:05  Hydralisk x3  
  171  16:32  Hydralisk  
  171  16:33  Hydralisk x8  
  189  16:41  Zergling x2  
  189  16:42  Zergling x12  
  193  16:50  Hydralisk  
  193  16:51  Hydralisk x2  
  191  17:02  Lurker x4  
Show
View Real Time Build Order
Export as new Build Order

Patience Protoss - Winner!

Build Orders: 1 Gate Expand, Oracle Opening, Phoenix Opening, Archon Immortal, Zealot Archon, Archon Drop 

Get SALT Encoding   

  12  0:00  Probe  
  13  0:13  Probe  
  14  0:17  Pylon  
  14  0:23  Probe  
  15  0:31  Probe  
  16  0:38  Gateway  
  16  0:39  Probe  
  16  0:46  Assimilator  
  17  0:51  Probe  
  18  1:03  Probe  
  19  1:15  Probe  
  20  1:24  Nexus  
  20  1:35  Cybernetics Core  
  20  1:37  Probe  
  21  1:43  Assimilator  
  21  1:49  Probe  
  21  1:53  Pylon  
  22  2:01  Probe  
  22  2:02  Adept  
  23  2:13  Probe  
  26  2:17  Stargate  
  26  2:23  Warp Gate  
  26  2:25  Probe  
  26  2:26  Adept  
  29  2:37  Probe  
  29  2:38  Probe  
  29  2:43  Pylon  
  31  2:47  Adept  
  31  2:50  Oracle  
  31  2:54  Probe  
  31  2:55  Probe  
  38  3:06  Probe  
  38  3:07  Probe  
  40  3:12  Pylon  
  40  3:18  Probe  
  40  3:19  Phoenix, Probe  
  42  3:30  Probe  
  42  3:32  Probe  
  46  3:36  Gateway  
  46  3:40  Assimilator  
  46  3:42  Assimilator, Probe  
  47  3:49  Probe  
  47  3:55  Probe  
  49  4:01  Robotics Facility  
  49  4:04  Probe  
  49  4:09  Probe  
  47  4:11  Twilight Council  
  47  4:13  Probe  
  48  4:17  Pylon  
  48  4:21  Probe x2  
  48  4:23  Pylon  
  49  4:28  Adept  
  52  4:32  Adept, Pylon  
  52  4:35  Probe  
  52  4:36  Probe  
  56  4:45  Warp Prism  
  56  4:47  Probe  
  56  4:48  Templar Archives  
  56  4:49  Gateway  
  56  4:51  Gateway  
  57  4:59  Pylon  
  59  5:07  Zealot x2  
  59  5:20  Nexus  
  59  5:23  Observer  
  59  5:26  Forge  
  60  5:28  Zealot  
  60  5:30  Protoss Ground Weapons Level 1  
  60  5:31  Zealot  
  60  5:34  Probe  
  60  5:35  Probe  
  66  5:38  Charge  
  66  5:49  High Templar x3  
  72  5:51  Probe x2  
  72  5:53  High Templar  
  72  5:54  Archon  
  76  5:57  Archon  
  80  6:05  Pylon  
  80  6:14  Probe x2  
  80  6:16  Gateway  
  80  6:18  Gateway  
  78  6:20  Gateway  
  78  6:22  Gateway  
  78  6:24  High Templar x2  
  78  6:25  Zealot x2  
  86  6:30  Archon, Probe x2  
  86  6:32  Probe  
  89  6:42  Probe  
  89  6:43  Probe  
  91  6:49  Probe  
  91  6:50  Zealot x2  
  96  6:54  Assimilator, Probe, Pylon  
  96  6:55  Probe, Pylon  
  96  6:57  Psionic Storm, Observer  
  96  6:58  Assimilator  
  99  7:01  Probe  
  99  7:06  High Templar x2  
  104  7:15  Probe x3  
  107  7:21  Protoss Ground Weapons Level 2  
  107  7:22  Pylon  
  107  7:24  Pylon  
  107  7:28  Probe x2  
  107  7:32  High Templar x2  
  107  7:35  Photon Cannon  
  107  7:37  Photon Cannon  
  111  7:38  Photon Cannon, Shield Battery  
  111  7:43  Probe x3  
  114  7:47  Gateway  
  114  7:50  Gateway  
  114  7:55  Probe, Pylon  
  114  7:58  Photon Cannon, Shield Battery  
  115  7:59  Immortal  
  114  8:06  Photon Cannon  
  114  8:10  Robotics Facility  
  118  8:16  Zealot x3  
  118  8:17  Zealot  
  126  8:28  Immortal  
  126  8:33  Archon  
  126  8:38  Zealot x5  
  140  8:49  Nexus  
  140  8:50  Immortal  
  140  8:52  Pylon x2  
  140  8:53  Pylon  
  128  9:05  Zealot x4  
  136  9:10  High Templar x2  
  136  9:11  High Templar x3  
  136  9:16  Zealot  
  148  9:18  Archon  
  148  9:19  Immortal, Archon  
  148  9:20  Immortal  
  146  9:30  Zealot x2  
  146  9:36  Zealot x3  
  129  9:47  Zealot x3  
  129  9:50  Zealot x2  
  92  10:00  Immortal  
  92  10:03  Observer  
  92  10:06  High Templar  
  92  10:07  High Templar x4  
  100  10:11  Archon  
  100  10:12  High Templar  
  100  10:13  Archon  
  106  10:19  Zealot x2  
  110  10:21  Probe x2  
  110  10:22  Probe  
  113  10:31  Probe  
  113  10:33  Probe  
  113  10:34  Probe x2  
  117  10:39  Assimilator  
  117  10:40  Zealot x3  
  121  10:43  Zealot  
  121  10:47  Immortal x2  
  127  11:01  High Templar x2  
  133  11:07  Probe x3  
  133  11:10  Pylon  
  134  11:12  Probe  
  134  11:16  High Templar x2  
  139  11:20  Probe x2  
  139  11:33  Immortal  
  139  11:34  Immortal, Zealot x6  
  133  11:41  Archon  
  133  11:42  Protoss Ground Weapons Level 3, Zealot x3  
  133  11:43  Zealot x2  
  131  11:55  Zealot  
  131  11:56  Zealot x2  
  137  12:03  Immortal  
  137  12:04  Immortal  
  137  12:05  Zealot x5  
  149  12:28  Observer  
  149  12:29  Zealot x2  
  147  12:30  Zealot x6  
  147  12:34  Probe x2  
  147  12:35  Probe x2  
  155  12:37  Assimilator  
  155  12:40  Assimilator  
  152  12:52  High Templar  
  152  12:53  High Templar x5  
  152  12:54  Zealot x2  
  152  12:58  Immortal, Archon x3  
  166  13:01  Observer  
  171  13:25  Pylon  
  171  13:27  Pylon  
  171  13:28  Pylon  
  171  13:29  Pylon  
  171  13:34  Blink, Fleet Beacon  
  171  13:35  Pylon  
  171  13:37  Pylon  
  171  13:38  Pylon  
  171  13:45  Zealot x8  
  171  13:47  Photon Cannon  
  181  13:49  Photon Cannon  
  181  13:50  Shield Battery  
  167  13:56  Photon Cannon  
  167  13:58  Photon Cannon  
  161  14:04  Immortal x2  
  157  14:11  High Templar x4  
  157  14:12  High Templar x2  
  157  14:13  Zealot x2  
  177  14:28  Archon  
  155  14:39  Zealot x2  
  150  14:46  Zealot x4  
  150  14:47  Zealot x2  
  150  14:49  Observer  
  149  14:56  Immortal  
  149  14:57  Immortal  
  157  15:16  High Templar x2, Mothership  
  157  15:17  High Templar x2  
  157  15:18  High Templar x3  
  171  15:24  Zealot  
  173  15:28  Photon Cannon  
  173  15:30  Photon Cannon  
  173  15:32  Photon Cannon  
  173  15:33  Photon Cannon  
  180  15:39  Photon Cannon  
  177  15:54  Archon  
  173  16:04  Stargate  
  173  16:07  Stargate  
  173  16:16  Zealot x8  
  189  16:26  Pylon  
  189  16:41  Zealot  
  189  16:50  Zealot x5  
  193  17:08  Archon  
  185  17:16  Nexus  
  163  17:26  Zealot x3  
  163  17:27  Zealot x3  
Tags
 
Add a new tag
Caveats
  • Supply blocks, unpowered buildings, or Contaminate may cause inaccurate times.
  • Supply counts are checked every 10 seconds.